 Dungeon Crawl Stone Soup version 0.29.0-4-gdea44cf6ec (webtiles) character file.

Game seed: 12982685184368634325

44 qw the Chopper (level 3, -4/29 HPs)
             Began as a Barachi Chaos Knight on Sept 4, 2022.
             Slain by an adder (5 damage)
             ... on level 2 of the Dungeon.
             The game lasted 00:00:52 (1841 turns).

qw the Chopper (Barachi Chaos Knight)               Turns: 1841, Time: 00:00:53

Health: -4/29      AC:  3    Str: 13      XL:     3   Next: 60%
Magic:  3/3        EV: 11    Int: 11 (12) God:
Gold:   75         SH:  0    Dex: 11      Spells: 2/2 levels left

rFire   . . .      SeeInvis .   Y - +0 hand axe (chaos)
rCold   . . .      Faith    .   (no shield)
rNeg    . . .      Spirit   .   b - +2 leather armour
rPois   .          Reflect  .   (no helmet)
rElec   .          Harm     .   (no cloak)
rCorr   .          Rampage  .   (no gloves)
Will    .....                   (no boots)
Stlth   +.........              (no amulet)
HPRegen 0.09/turn               (no ring)
MPRegen 0.08/turn               (no ring)

@: unable to drink, slow
A: amphibious, slowness 1, strong legs 1, +LOS, deformed body, weak 1, inability
to drink after injury 1
a: Hop


You were on level 2 of the Dungeon.
You visited 1 branch of the dungeon, and saw 2 of its levels.

You collected 75 gold pieces.


Innate Abilities, Weirdness & Mutations

You are amphibious.
You cover ground slowly.
You can hop short distances.
You have an extended range of vision and can be seen from far away.
Armour fits poorly on your strangely shaped body.
You are weak. (Str -2)
You occasionally lose the ability to drink potions when taking damage.


   Skills:
 - Level 3.6 Fighting
 + Level 5.0 Axes
 - Level 2.4 Armour
 - Level 1.1 Dodging


You had 2 spell levels left.
You didn't know any spells.
Your spell library was empty.

Inventory:

Hand Weapons
 e - a +2 whip of venom
 Y - a +0 hand axe of chaos (weapon)
Armour
 a - a +0 ring mail
 b - a +2 leather armour (worn)
 f - a +0 scale mail
Scrolls
 d - a scroll of noise {unknown}
Potions
 g - a potion of curing {unknown}
 h - a potion of attraction {unknown}
Miscellaneous
 c - a piece from Xom's chessboard (15/15)

Dungeon Overview and Level Annotations

Branches:
Dungeon (2/15)

Altars:


Message History

There is an open door here.
You open the door.
An adder and a goblin come into view.
The adder hisses angrily.
The goblin shouts!
Enter note: You miss the adder.
The adder bites you.
You are poisoned.
The adder poisons you!
You hit the adder.
The adder goes berserk!
The adder is heavily wounded.
You feel sick. The adder barely misses you.
A bat comes into view.
The adder bites you.
You closely miss the adder.
The adder is heavily wounded.
You feel sick. The adder barely misses you.
The adder bites you but does no damage.
You closely miss the adder.
The adder is heavily wounded.
You feel sick. The adder bites you but does no damage. The adder bites you.
You barely miss the adder.
The adder is heavily wounded.
You feel sick. The adder bites you but does no damage.
The adder barely misses you.
You miss the adder.
The adder is heavily wounded.
You feel sick. The adder bites you.
You feel threatened and lose the ability to drink potions!
The adder bites you.
You miss the adder.
The adder is heavily wounded.
You feel sick.
You are no longer poisoned.
The adder completely misses you. The adder bites you but does no damage.
The adder bites you.
You hit the adder.
The adder flickers and vanishes!
Deactivating autopickup; reactivate with Ctrl-A.
Something bites you.
You die...

#........ #
#........ +.
#########
#.. #....#
....
###.##.#
.....
#...##.#
......
#.####..
.......####
#.# ###
......g{@.#
#.#
......b##.#
#.# ......
#.########.#
.....
#..........#
....
############
... .. .


You could see a goblin and a bat.

Vanquished Creatures
  3 dart slugs
  3 bats (D:1)
  3 endoplasms
  3 giant cockroaches (D:1)
  2 hobgoblins
  3 jackals (D:1)
  A quokka (D:2)
  6 ball pythons
  2 frilled lizards (D:2)
  7 kobolds
  3 rats
36 creatures vanquished.

Notes
Turn   | Place    | Note
-------+----------+-------------------------------------------
     0 | D:1      | qw the Barachi Chaos Knight began the quest for the Orb.
     0 | D:1      | Reached XP level 1. HP: 18/18 MP: 1/1
     0 | D:1      | 0 ||| qw: Version: 0.1-a-102-g441f92d
     0 | D:1      | 0 ||| qw: Game counter: 5318
     0 | D:1      | 0 ||| qw: Always use a shield: true
     0 | D:1      | 0 ||| qw: God list: Okawaru
     0 | D:1      | 0 ||| qw: Allow faded altars: false
     0 | D:1      | 0 ||| qw: Do Orc after D:15 true
     0 | D:1      | 0 ||| qw: Do second Lair branch before Depths: true
     0 | D:1      | 0 ||| qw: Lair rune preference: random
     0 | D:1      | 0 ||| qw: Plans: Normal
     0 | D:1      | 0 ||| PLANNING D:1-11
     0 | D:1      | Fell from the grace of Xom
   148 | D:1      | 148 ||| Stepping ~*~*~tactically~*~*~ (hiding).
   149 | D:1      | 149 ||| Stepping ~*~*~tactically~*~*~ (hiding).
   172 | D:1      | XOM: give mutations
   172 | D:1      | Gained mutation: You occasionally lose the ability to drink
                  | potions when taking damage. [Xom's mischief]
   172 | D:1      | Gained mutation: Your body sometimes deteriorates upon
                  | taking damage. [Xom's mischief]
   172 | D:1      | Gained mutation: Armour fits poorly on your strangely
                  | shaped body. [Xom's mischief]
   172 | D:1      | Gained mutation: You are weak. (Str -2) [Xom's mischief]
   186 | D:1      | Reached XP level 2. HP: 23/24 MP: 2/2
   212 | D:1      | Reached skill level 4 in Axes
   224 | D:1      | XOM: give mutations
   224 | D:1      | Lost mutation: Your body sometimes deteriorates upon taking
                  | damage. [Xom's mischief]
   224 | D:1      | Gained mutation: You occasionally shout uncontrollably at
                  | your foes. [Xom's mischief]
   224 | D:1      | Lost mutation: You occasionally shout uncontrollably at
                  | your foes. [Xom's mischief]
   229 | D:1      | 229 ||| Stepping ~*~*~tactically~*~*~ (stealth).
   320 | D:1      | XOM: stat loss: -2 Int (10/12)
   333 | D:1      | 333 ||| Stepping ~*~*~tactically~*~*~ (hiding).
   590 | D:1      | Reached XP level 3. HP: 21/29 MP: 3/3
  1028 | D:1      | 1028 ||| READING scroll labelled LACKEGG DITOUZ.
  1063 | D:2      | 1063 ||| STAIRDANCE
  1352 | D:2      | 1352 ||| Stepping ~*~*~tactically~*~*~ (stealth).
  1536 | D:2      | 1536 ||| DROPPING +0 whip.
  1637 | D:2      | Found a faded altar of an unknown god.
  1645 | D:2      | 1645 ||| Stepping ~*~*~tactically~*~*~ (stealth).
  1656 | D:2      | 1656 ||| Stepping ~*~*~tactically~*~*~ (stealth).
  1663 | D:2      | 1663 ||| Stepping ~*~*~tactically~*~*~ (stealth).
  1666 | D:2      | 1666 ||| Stepping ~*~*~tactically~*~*~ (stealth).
  1667 | D:2      | 1667 ||| Stepping ~*~*~tactically~*~*~ (stealth).
  1669 | D:2      | 1669 ||| Stepping ~*~*~tactically~*~*~ (stealth).
  1743 | D:2      | 1743 ||| Stepping ~*~*~tactically~*~*~ (hiding).
  1745 | D:2      | 1745 ||| Stepping ~*~*~tactically~*~*~ (hiding).
  1746 | D:2      | 1746 ||| Stepping ~*~*~tactically~*~*~ (hiding).
  1785 | D:2      | Reached skill level 5 in Axes
  1839 | D:2      | HP: 6/29 [adder (3)]
  1840 | D:2      | HP: 1/29 [adder (4)]
  1841 | D:2      | Slain by an adder

Levels and vault maps discovered:
D:1:      co_arrival_random_square_maze, layout_rooms,
          corexii_item_surrounded_by_moat
D:2:      layout_basic, hellmonk_ecumenical_altar_inner_sanctum,
          chequers_serial_rivers_large_a

Skill      XL: |  1  2  3 |
---------------+----------+-----
Axes           | 4 5 |  5.0
Fighting       | |  3.6
Armour         | |  2.4
Dodging        | |  1.1

Action                   || total
-------------------------++-------
Melee: Hand axe          ||   142
       Punch             ||     1
Invok: Renounce Religion ||     1
  Use: Scroll            ||     1
Armor: Leather armour    ||    41
Dodge: Dodged            ||    93

Table legend:
 A = Non-vault XP
 B = Vault XP
 C = Vault XP percentage of total XP
 D = Non-vault monster count
 E = Vault monster count
 F = Vault count percentage of total count
                 A         B        C        D         E       F
            +---------+---------+-------+---------+---------+-------
      Total |      63 |       0 |   0.0 |      36 |       0 |   0.0
            +---------+---------+-------+---------+---------+-------
        D:1 |      40 |       0 |   0.0 |      22 |       0 |   0.0
        D:2 |      23 |       0 |   0.0 |      14 |       0 |   0.0
            +---------+---------+-------+---------+---------+-------
